 Dungeon Crawl Stone Soup version 0.27-a0-1442-g87b6fcb595 (webtiles) character file.

Game seed: 17372092212759943442

23 barkas the Cudgeller (level 3, 0/34 HPs)
             Began as a Naga Monk on July 4, 2021.
             Slain by a jackal (1 damage)
             ... on level 1 of the Dungeon.
             The game lasted 00:00:53 (762 turns).

barkas the Cudgeller (Naga Monk)                     Turns: 762, Time: 00:00:53

Health: 0/34       AC:  2    Str: 14    XL:     3   Next: 0%
Magic:  3/3        EV: 10    Int: 10    God:
Gold:   20         SH:  0    Dex: 13    Spells: 2/2 levels left

rFire    . . .     SeeInvis +   a - +0 mace
rCold    . . .     Faith    .   (no shield)
rNeg     . . .     Spirit   .   b - +0 robe
rPois    +         Reflect  .   (no helmet)
rElec    .         Harm     .   (no cloak)
rCorr    .         Rampage  .   (no gloves)
Will     .....                  (no barding)
Stlth    ++........             (no amulet)
HPRegen  0.11/turn              (no ring)
MPRegen  0.08/turn              (no ring)

@: flying, very slow
A: AC +1, large, see invisible, deformed body, poison resistance, slowness 2,
spit poison 1, naga tail 1
a: Spit Poison


You were on level 1 of the Dungeon.
You visited 1 branch of the dungeon, and saw 1 of its levels.

You collected 20 gold pieces.

Inventory:

Hand Weapons
 a - a +0 mace (weapon)
Armour
 b - a +0 robe (worn)


   Skills:
 + Level 3.3 Fighting
 * Level 3.7 Maces & Flails
 - Level 2.4 Dodging
 - Level 3.0 Stealth


You had 2 spell levels left.
You didn't know any spells.
Your spell library was empty.

Dungeon Overview and Level Annotations

Branches:
Dungeon (1/15)

Altars:


Innate Abilities, Weirdness & Mutations

Your serpentine skin is tough. (AC +1)
You have supernaturally acute eyesight. (SInv)
Armour fits poorly on your strangely shaped body.
Your system is resistant to poisons. (rPois)
You cover ground very slowly.
You can spit poison.
You have a snake-like lower body.


Message History

You can't do that yet.
Unknown command.
You hit the frilled lizard.
You kill the frilled lizard!
You have got your breath back.
The jackal closely misses you.
The jackal bites you but does no damage.
You have reached level 3!
Your experience leads to an increase in your attributes!
Increase (S)trength, (I)ntelligence, or (D)exterity?
You feel stronger.
Your skin feels tougher.
Unknown command.
Press: ? - help, Shift-Dir - straight line, f/p - quokka
Aim: a quokka (grey smoke)
The splash of poison hits the quokka.
The quokka is poisoned.
The quokka is almost dead.
The quokka bites you.
* * * LOW HITPOINT WARNING * * *
The jackal bites you but does no damage.
Unknown command.
You barely miss the quokka.
The quokka is almost dead.
The quokka bites you but does no damage.
The jackal barely misses you. The quokka closely misses you.
The jackal barely misses you.
Unknown command.
You hit the quokka but do no damage.
The quokka is almost dead.
You have got your breath back.
The jackal bites you but does no damage.
The quokka bites you.
* * * LOW HITPOINT WARNING * * *
Unknown command.
You closely miss the quokka.
The quokka is severely wounded.
You kill the quokka!
The jackal bites you.
* * * LOW HITPOINT WARNING * * *
The jackal bites you.
You die...

##.## ##.........# ##...#
#.# #.........###..#.#
#..########...........##.#
#.........#......###.....#
........#......# #.....#
..........##.#.# #.....#
.....§§§####.....##..#.#
.....§§§# .##> ..##.#
.....§§@# .# ..# #
.....§h§# #..
.....§§§#####.##
.......>...†....
#####...........
#.............
#......$....B.
#.....#....... .....
#...!.####^....#.....


You could see a jackal.

Vanquished Creatures
  A dart slug (D:1)
  3 endoplasms (D:1)
  A giant cockroach (D:1)
  2 goblins (D:1)
  A hobgoblin (D:1)
  2 jackals (D:1)
  3 quokkas (D:1)
  A ball python (D:1)
  2 frilled lizards (D:1)
  4 kobolds (D:1)
  A rat (D:1)
21 creatures vanquished.

Notes
Turn   | Place    | Note
-------+----------+-------------------------------------------
     0 | D:1      | barkas the Naga Monk began the quest for the Orb.
     0 | D:1      | Reached XP level 1. HP: 21/21 MP: 1/1
    52 | D:1      | Reached XP level 2. HP: 11/28 MP: 2/2
   759 | D:1      | Reached XP level 3. HP: 9/34 MP: 3/3
   762 | D:1      | HP: 1/34 [jackal (1)]
   762 | D:1      | Slain by a jackal

Illustrated notes

Levels and vault maps discovered:
D:1:      minmay_arrival_wavy_path, layout_rooms

Action                   || total
-------------------------++-------
Melee: Mace              ||    46
 Abil: Spit Poison       ||    16
  Use: Scroll            ||     2
       Potion            ||     1
Armor: Robe              ||     7
Dodge: Dodged            ||    44

Table legend: (Time is in decaauts)
 A = Elapsed time spent in this place.
 B = Non-inter-level travel time spent in this place.
 C = Inter-level travel time spent in this place.
 D = Time resting spent in this place.
 E = Time spent auto-exploring this place.
 F = Levels seen in this place.
 G = Mean time per level.
                   A        B        C        D        E       F      G
               +--------+--------+--------+--------+--------+-----+--------+
         Total |    858 |    858 |      0 |    346 |    376 |   1 |  858.0 |
       Dungeon |    858 |    858 |      0 |    346 |    376 |   1 |  858.0 |
               +--------+--------+--------+--------+--------+-----+--------+

Top non-repeatable levels by time:
     D:1: 858 daAuts
